 Dungeon Crawl Stone Soup version 0.29.1-2-gbd0b4ee654 (webtiles) character file.

Game seed: 9610941796514297639

58 bullfish the Chopper (level 4, -2/37 (39) HPs)
             Began as a Hill Orc Fighter on Nov 18, 2022.
             Slain by Crazy Yiuf
             ... wielding a +3 quarterstaff of chaos
              (12 damage)
             ... on level 2 of the Dungeon.
             The game lasted 00:03:20 (1603 turns).

bullfish the Chopper (Hill Orc Fighter)             Turns: 1603, Time: 00:03:20

HP:   -2/37 (39)    AC:  6    Str: 20    XL:     4   Next: 2%
MP:   4/4           EV:  9    Int:  8    God:
Gold: 75            SH:  4    Dex: 10    Spells: 3/3 levels left

rFire   . . .      SeeInvis .   a - +0 war axe
rCold   . . .      Faith    .   c - +0 buckler
rNeg    . . .      Spirit   .   b - +0 scale mail
rPois   .          Reflect  .   (no helmet)
rElec   .          Harm     .   (no cloak)
rCorr   .          Rampage  .   (no gloves)
Will    +....                   (no boots)
Stlth   ..........              (no amulet)
HPRegen 0.12/turn               p - ring of willpower
MPRegen 0.09/turn               (no ring)

@: drained
A: no striking features
a: no special abilities


You were on level 2 of the Dungeon.
You visited 1 branch of the dungeon, and saw 2 of its levels.

You collected 75 gold pieces.

Inventory:

Hand Weapons
 a - a +0 war axe (weapon)
Armour
 b - a +0 scale mail (worn)
 c - a +0 buckler (worn)
Jewellery
 p - a ring of willpower (left hand)
 q - an amulet of guardian spirit
Scrolls
 f - a scroll of noise {unknown}
 g - a scroll of vulnerability {unknown}
 h - a scroll of amnesia {unknown}
 i - a scroll of butterflies {unknown}
 j - a scroll of torment {unknown}
 l - 2 scrolls of fear {unknown}
 o - a scroll of identify {unknown}
Potions
 d - a potion of might
 e - a potion of berserk rage {unknown}
 k - a potion of mutation {unknown}
 m - a potion of degeneration {unknown}
 n - a potion of ambrosia {unknown}
 r - a potion of curing {unknown}
 s - a potion of cancellation {unknown}


   Skills:
 - Level 3.6 Fighting
 + Level 5.5 Axes
 - Level 3.2 Armour
 - Level 3.2 Shields


You had 3 spell levels left.
You didn't know any spells.
Your spell library was empty.

Dungeon Overview and Level Annotations

Branches:
Dungeon (2/15)

Altars:

Shops:
D:2 *

Annotations:
D:2 Crazy Yiuf


Message History

The hobgoblin hits you but does no damage.
You barely miss the hobgoblin. You block the hobgoblin's attack.
You closely miss the hobgoblin. You block the hobgoblin's attack.
You slash the hobgoblin!
You kill the hobgoblin!
You now have 68 gold pieces (gained 11).
You now have 71 gold pieces (gained 3).
You see here a hobgoblin corpse.
Found a stone staircase leading down.
You see here a +0 hand axe.
You now have 75 gold pieces (gained 4).
Found Tep Woze's Assorted Antiques.
s - a metallic amethyst potion
There is an entrance to Tep Woze's Assorted Antiques here.
Found a stone staircase leading down.
Found a hammer.
Found a runed translucent door.
Crazy Yiuf shouts!
Okay, then.
You open the door. You hit Crazy Yiuf.
Crazy Yiuf is lightly wounded.
You block Crazy Yiuf's attack.
You hit Crazy Yiuf.
Crazy Yiuf is moderately wounded.
Crazy Yiuf grits, "Candle broken canine!"
Crazy Yiuf hits you with a +3 quarterstaff of chaos!
Crazy Yiuf freezes you.
You hit Crazy Yiuf but do no damage.
Crazy Yiuf is moderately wounded.
Crazy Yiuf hits you with a +3 quarterstaff of chaos!
You feel drained.
* * * LOW HITPOINT WARNING * * *
Crazy Yiuf barely misses you.
You closely miss Crazy Yiuf.
Crazy Yiuf is moderately wounded.
Crazy Yiuf closely misses you.
You slash Crazy Yiuf!
Crazy Yiuf is severely wounded.
Crazy Yiuf hits you with a +3 quarterstaff of chaos!
You die...

#####
#..)#
#...#
...
#g#
##@#
#.##
##.#
#.##
##.##
..#
#...##
#.#
#....#
#.#
#....#
#.#
#....#
#.#


You could see Crazy Yiuf.

Vanquished Creatures
  A dart slug (D:2)
  5 ball pythons
  2 endoplasms (D:1)
  4 giant cockroaches (D:1)
  A goblin (D:1)
  7 hobgoblins
  8 jackals
  3 quokkas
  4 bats (D:1)
  2 frilled lizards
  6 kobolds (D:1)
  3 rats
46 creatures vanquished.

Notes
Turn   | Place    | Note
-------+----------+-------------------------------------------
     0 | D:1      | bullfish the Hill Orc Fighter began the quest for the Orb.
     0 | D:1      | Reached XP level 1. HP: 19/19 MP: 1/1
    98 | D:1      | Reached skill level 3 in Axes
   322 | D:1      | Reached XP level 2. HP: 26/26 MP: 2/2
   602 | D:1      | Reached skill level 4 in Axes
   789 | D:1      | Reached XP level 3. HP: 31/31 MP: 3/3
   932 | D:1      | Reached skill level 5 in Axes
  1498 | D:2      | Reached XP level 4. HP: 32/39 MP: 4/4
  1573 | D:2      | Found Tep Woze's Assorted Antiques.
  1594 | D:2      | Found a runed translucent door.
  1595 | D:2      | Noticed Crazy Yiuf
  1603 | D:2      | Slain by Crazy Yiuf

Illustrated notes

Levels and vault maps discovered:
D:1:      wander_arrival_desolate, layout_loops_cross, reono_crystal_passage,
          moated_statue
D:2:      layout_loops_ring, serial_shops, shop, minmay_misc_feat_enclosed,
          uniq_crazy_yiuf_cottage

Skill      XL: |  1  2  3 |
---------------+----------+-----
Axes           | 3 4 5 |  5.5
Fighting       | |  3.6
Armour         | |  3.2
Shields        | |  3.2

Action                   |  1- 3 |  4- 6 || total
-------------------------+-------+-------++-------
Melee: War axe           |   107 |     8 ||   115
Armor: Scale mail        |    57 |     1 ||    58
Dodge: Dodged            |    56 |     2 ||    58
Block: Buckler           |    29 |     3 ||    32
